 Dungeon Crawl Stone Soup version 0.24.0-123-gd5b16e6ec5 (webtiles) character file.

Game seed: 11574015175198407716, levelgen mode: deterministic

1047 BlindMind the Thaumaturge (level 8, -3/60 HPs)
             Began as a Mummy Necromancer on Jan 25, 2020.
             Killed by divine providence
             ... invoked by an orc priest
              (10 damage)
             ... on level 6 of the Dungeon.
             The game lasted 00:29:58 (7694 turns).

BlindMind the Thaumaturge (Mummy Necromancer)       Turns: 7694, Time: 00:29:59

Health: -3/60      AC:  6    Str: 12    XL:     8   Next: 5%
Magic:  2/20       EV: 12    Int: 15    God:
Gold:   321        SH:  4    Dex: 13    Spells: 14/23 levels left

rFire    x . .     SeeInvis .   c - +2 mace (drain)
rCold    + + .     Gourm    .   k - +0 buckler
rNeg     + + +     Faith    .   a - +0 robe
rPois    ∞         Spirit   .   u - +1 helmet "Hero's Friend" {rC+}
rElec    .         Reflect  .   g - +0 cloak
rCorr    +         Harm     +   (no gloves)
MR       +....                  l - +0 pair of boots
Stlth    +++.......             r - amulet of harm
HPRegen  0.20/turn              s - ring of resist corrosion
MPRegen  0.17/turn              i - ring of stealth

@: no status effects
A: no food or potions, fire vulnerability, cold resistance 1, negative energy
resistance 3, torment resistance, unbreathing
a: no special abilities


You were on level 6 of the Dungeon.
You were not hungry.

You visited 1 branch of the dungeon, and saw 6 of its levels.

You collected 321 gold pieces.

Inventory:

Hand Weapons
 c - a +2 mace of draining (weapon)
 t - a +4 quarterstaff of chaos
Missiles
 b - an atropa-tipped dart (quivered)
 p - 5 boomerangs of dispersal
 q - 21 poisoned darts
Armour
 a - a +0 robe (worn)
 g - a +0 cloak (worn)
 k - a +0 buckler (worn)
 l - a +0 pair of boots (worn)
 u - the +1 helmet "Hero's Friend" (worn) {rC+}
   (You found it on level 5 of the Dungeon)

   It protects you from cold.
Magical Staves
 y - an uncursed staff of wizardry
Jewellery
 i - a ring of stealth (right hand)
 o - an uncursed ring of ice
 r - an amulet of harm (around neck)
 s - a ring of resist corrosion (left hand)
 w - a +5 ring of strength {unknown}
Scrolls
 d - a scroll of blinking {unknown}
 e - 2 scrolls of fear {unknown}
 f - 2 scrolls of enchant armour {unknown}
 h - 3 scrolls of noise {unknown}
 j - 2 scrolls of magic mapping {unknown}
 m - 3 scrolls of enchant weapon
 n - a scroll of random uselessness {unknown}
 v - 2 scrolls of identify
 x - a scroll of fog {unknown}
 z - a scroll of remove curse


   Skills:
 * Level 4.0 Fighting
 - Level 0.4 Maces & Flails
 - Level 0.1(0.3) Staves
 - Level 1.5 Dodging
 - Level 1.5 Stealth
 * Level 2.0 Shields
 - Level 8.0 Spellcasting
 + Level 0.2 Conjurations
 - Level 5.9 Necromancy
 + Level 0.2 Air Magic


You had 14 spell levels left.
You knew the following spells:

 Your Spells              Type           Power        Failure   Level  Hunger
a - Pain                  Necr           ###.         1%          1    N/A
b - Vampiric Draining     Necr           ###.......   4%          3    N/A
c - Animate Dead          Necr           N/A          14%         4    N/A
d - Shock                 Conj/Air       #...         14%         1    N/A

Your spell library contained the following spells:

 Spells                   Type           Power        Failure   Level  Hunger
 Animate Skeleton         Necr           N/A          1%          1    N/A
 Swiftness                Chrm/Air       #.......     22%         2    N/A
 Static Discharge         Conj/Air       #.......     38%         3    N/A
 Airstrike                Air            #.........   80%         4    N/A
 Lightning Bolt           Conj/Air       #.........   98%         5    N/A
 Regeneration             Chrm/Necr      Unusable     N/A         3    N/A

Dungeon Overview and Level Annotations

Branches:
Dungeon (6/15)
 Temple: D:4-7

Altars:
Nemelex Xobeh


Innate Abilities, Weirdness & Mutations

You do not eat or drink.
Your flesh is vulnerable to fire.
You are immune to poison.
Your flesh is cold resistant. (rC+)
You are immune to negative energy. (rN+++)
You are immune to unholy pain and torment.
You can survive without breathing.


Message History

a +0 dagger; a cursed +0 robe; an orc corpse You see here an atropa-tipped dart.
An orc priest is nearby!
Your magical contamination has completely faded away.
Things that are here:
a +0 dagger; a cursed +0 robe; an orc corpse
Casting: Pain (safe; 1% risk of failure)
Confirm with . or Enter, or press ? or * to list all spells.
You don't know that spell.
The orc priest hits you with a +0 club.
* * * LOW HITPOINT WARNING * * *
You hit the orc priest but do no damage.
You drain the orc priest.
The orc priest is moderately wounded.
You block the orc priest's attack.
You hit the orc priest but do no damage.
The orc priest is moderately wounded.
The orc priest calls down the wrath of Beogh upon you.
Beogh smites you!
You die...

#.#.. ............#
#####.#.# ########...##
......#.# ##..# ......#.###
#..# ......#... #..#
......#.#### .#####..######
.....).....# .............#
.....#####.#########.####.#
.....#####......@o.(....#
...$............)#.#....#
###
############.###.#)#....#..(
#.....#..)o.##.##
#.##..####..o...#
#.#...............#
#....#..#####.##..#
##............>...#
##..#.#.#####.##.#


You could see an orc priest.

Vanquished Creatures
  Eustachio (D:4)
  An orc warrior (D:6)
  3 ogres
  Crazy Yiuf (D:4)
  3 orc priests
  3 orc wizards
  A hound (D:5)
  A jelly (D:5)
  4 worker ants
  A hound zombie (D:5)
  4 adders
  An ooze (D:3)
  An adder skeleton (D:5)
  3 adder zombies (D:5)
  3 worms
  3 dart slugs
  3 leopard geckos
  21 orcs
  12 bats
  6 giant cockroaches
  7 hobgoblins
  4 jackals (D:2)
  7 kobolds
  2 quokkas
  4 frilled lizards
  8 goblins
  A leopard gecko skeleton (D:5)
  2 quokka skeletons (D:5)
  6 rats
117 creatures vanquished.

Vanquished Creatures (collateral kills)
  A phantom (D:4)
  A crimson imp (D:5)
  3 orcs
  A jackal skeleton (D:5)
6 creatures vanquished.

Grand Total: 123 creatures vanquished

Notes
Turn   | Place    | Note
-------+----------+-------------------------------------------
     0 | D:1      | BlindMind the Mummy Necromancer began the quest for the
                  | Orb.
     0 | D:1      | Reached XP level 1. HP: 13/13 MP: 4/4
   254 | D:1      | Reached skill level 3 in Spellcasting
   257 | D:1      | Reached XP level 2. HP: 19/19 MP: 1/6
   894 | D:2      | Found a faded altar of an unknown god.
  1255 | D:2      | Reached XP level 3. HP: 21/24 MP: 0/8
  1261 | D:2      | Reached skill level 4 in Spellcasting
  1696 | D:2      | Learned a level 3 spell: Vampiric Draining
  1903 | D:2      | Reached XP level 4. HP: 15/31 MP: 2/10
  2784 | D:3      | Reached skill level 5 in Spellcasting
  3213 | D:3      | Learned a level 4 spell: Animate Dead
  3384 | D:3      | Reached skill level 1 in Fighting
  3922 | D:3      | Reached XP level 5. HP: 30/37 MP: 12/12
  4141 | D:3      | Found a sparkling altar of Nemelex Xobeh.
  4358 | D:4      | Noticed Eustachio
  4358 | D:4      | Noticed a phantom
  4619 | D:4      | Reached skill level 5 in Necromancy
  4637 | D:4      | Noticed an ogre
  4652 | D:4      | Killed an ogre
  4652 | D:4      | Reached skill level 6 in Spellcasting
  4652 | D:4      | Reached XP level 6. HP: 23/43 MP: 1/15
  5343 | D:4      | Reached skill level 7 in Spellcasting
  5822 | D:4      | Found a runed translucent door.
  5823 | D:4      | Noticed Crazy Yiuf
  6034 | D:4      | Killed Crazy Yiuf
  6034 | D:4      | Reached XP level 7. HP: 17/50 MP: 7/17
  6411 | D:4      | Killed Eustachio
  6613 | D:5      | Entered Level 5 of the Dungeon
  6615 | D:5      | Reached skill level 8 in Spellcasting
  6810 | D:5      | Got a polished helmet
  6816 | D:5      | Identified the +1 helmet "Hero's Friend" {rC+} (You found
                  | it on level 5 of the Dungeon)
  7268 | D:5      | Reached skill level 1 in Shields
  7378 | D:5      | Learned a level 1 spell: Shock
  7678 | D:6      | Reached XP level 8. HP: 20/60 MP: 0/20
  7694 | D:6      | Killed from afar by an orc priest

Levels and vault maps discovered:
D:1:      saegor_arrival_simple_e, layout_rooms
D:2:      layout_basic, chequers_ecumenical_altar_simple_redux, first_ration,
          st_stairs_4
D:3:      layout_basic, lemuel_altar_in_water
D:4:      layout_cave_pods, uniq_crazy_yiuf_cottage, uniq_eustachio
D:5:      layout_gridville, minmay_fractal_squares_diagonal_5
D:6:      layout_basic, minmay_temple_entry_trees, gammafunk_ghost_grave,
          portal_sewer_entry_b, uniq_grinder, uniq_sigmund

Skill      XL: |  1  2  3  4  5  6  7  8 |
---------------+-------------------------+-----
Spellcasting   | 3 4 5 6 7 8 |  8.0
Fighting       | 1 2 3 4 |  4.0
Necromancy     | 5 |  5.9
Shields        | 1 2 |  2.0
Maces & Flails | |  0.4
Staves         | |  0.1
Dodging        | |  1.5
Stealth        | |  1.5
Conjurations   | |  0.2
Air Magic      | |  0.2

Action                   |  1- 3 |  4- 6 |  7- 9 || total
-------------------------+-------+-------+-------++-------
Melee: Unarmed           |     1 |       |       ||     1
       Spear             |    40 |   152 |       ||   192
       Mace              |       |       |    66 ||    66
       Quarterstaff      |       |       |     7 ||     7
Throw: Dart              |     2 |       |     4 ||     6
 Cast: Pain              |    69 |    84 |    25 ||   178
       Vampiric Draining |       |    13 |     6 ||    19
       Animate Dead      |       |    12 |     5 ||    17
       Shock             |       |       |     3 ||     3
  Use: Scroll            |       |     6 |     2 ||     8
 Stab: Sleeping          |       |     2 |     4 ||     6
Armor: Robe              |    21 |    47 |    26 ||    94
Dodge: Dodged            |    71 |   125 |    52 ||   248
Block: Buckler           |       |       |    13 ||    13
